 Dungeon Crawl Stone Soup version 0.23-a0-650-ga4d50d4 (webtiles) character file.

1807 zishaf the Cutter (level 9, 0/46 HPs)
             Began as a Vine Stalker Assassin on Jan 4, 2019.
             Was a Follower of Uskayaw.
             Slain by an orc warrior
             ... wielding a cursed -3 halberd
              (3 damage)
             ... in a bailey.
             The game lasted 00:16:16 (7395 turns).

zishaf the Cutter (Vine Stalker Assassin)           Turns: 7395, Time: 00:16:16

Health: 0/46       AC: 13    Str: 16    XL:     9   Next: 9%
Magic:  0/13       EV: 17    Int: 11    God:    Uskayaw [*.....]
Gold:   387        SH:  8    Dex: 22    Spells: 8/8 levels left

rFire    . . .     SeeInvis .   a - +2 dagger
rCold    + . .     Gourm    .   u - +2 buckler
rNeg     . . .     Faith    .   L - +2 robe {rC+}
rPois    .         Spirit   +   z - +2 hat
rElec    .         Reflect  .   d - +0 cloak
rCorr    .         Harm     .   h - +0 pair of gloves
MR       ++...                  (no boots)
Stlth    ++++......             (no amulet)
HPRegen  0.55/turn              q - ring of protection from magic
MPRegen  0.13/turn              r - +5 ring of protection

@: agile
A: fangs 3, regeneration 1, magic shield, antimagic bite, no potion heal 3, rot
immunity
a: Stomp, Renounce Religion


You were in a bailey.
You worshipped Uskayaw.
Uskayaw was noncommittal.
You were hungry.

You visited 2 branches of the dungeon, and saw 8 of its levels.
You also visited: Sewer and Bailey.

You collected 387 gold pieces.

Inventory:

Hand Weapons
 a - a +2 dagger (weapon)
 b - a +0 hunting sling
 w - a +0 blowgun
Missiles
 f - 4 curare-tipped needles {!f}
 g - 31 poisoned needles
 s - 106 stones (quivered)
 y - 28 sling bullets
Armour
 d - a +0 cloak (worn)
 h - a +0 pair of gloves (worn)
 u - a +2 buckler (worn)
 z - a +2 hat (worn)
 L - a +2 robe of cold resistance (worn)
Jewellery
 o - a +3 ring of intelligence
 q - a ring of protection from magic (left hand)
 r - a +5 ring of protection (right hand)
 x - an uncursed ring of flight
Wands
 m - a wand of paralysis (8)
 J - a wand of flame (7)
Scrolls
 i - 5 scrolls of remove curse
 j - 11 scrolls of teleportation
 k - a scroll of blinking {unknown}
 l - a scroll of amnesia
 n - a scroll of immolation {unknown}
 t - 2 scrolls of fog
 F - a scroll of fear {unknown}
 I - a scroll of enchant weapon {unknown}
 K - a scroll of vulnerability {unknown}
Potions
 p - 2 potions of lignification
 v - a potion of resistance
 A - a potion of curing {unknown}
 B - 2 potions of magic
 C - 2 potions of heal wounds {unknown}
 D - 3 potions of brilliance
 E - a potion of berserk rage {unknown}
 G - a potion of mutation {unknown}
 H - a potion of might {unknown}
Comestibles
 e - 10 rations
 M - 3 chunks of flesh


   Skills:
 + Level 4.8 Fighting
 + Level 6.0 Short Blades
 - Level 2.0 Throwing
 + Level 3.4 Armour
 - Level 1.0 Dodging
 - Level 5.0 Stealth
 - Level 4.0 Shields
 * Level 4.5 Invocations


You had 8 spell levels left.
You didn't know any spells.
Your spell library was empty.

Dungeon Overview and Level Annotations

Branches:
Dungeon (7/15)             Temple (1/1) D:4

Altars:
Ashenzari
Cheibriados
Dithmenos
Elyvilon
Fedhas
Gozag
Hepliaklqana
Kikubaaqudgha
Makhleb
Nemelex Xobeh
Okawaru
Ru
Sif Muna
Trog
Uskayaw
Vehumet
Xom
Yredelemnul
Zin
The Shining One

Annotations:
D:4 1 runed door


Innate Abilities, Weirdness & Mutations

You have razor-sharp teeth.
Your natural rate of healing is unusually fast.
When hurt, damage is shared between your health and your magic reserves.
Your bite disrupts and absorbs the magic of your enemies.
Potions cannot restore your health.
You are immune to rotting.


Message History

You closely miss the orc warrior. You bite the orc warrior.
You drain its power.
You feel invigorated.
The orc warrior is moderately wounded.
The orc warrior hits you from afar with a +0 halberd!
You block the orc warrior's attack.
There is a gate leading back out of this place here.
The orc warrior hits you from afar with a +0 halberd.
You block the orc warrior's attack.
You see here 2 bolts.
You hit the orc warrior but do no damage.
The orc warrior is moderately wounded.
The orc warrior completely misses you.
The orc knight roars a battlecry!
The orc warriors go into a battle-frenzy!
You feel agile all of a sudden. You block the orc warrior's attack.
The orc warrior hits you from afar with a +0 halberd!!
* * * LOW HITPOINT WARNING * * *
The orc warrior hits you from afar with a cursed -3 halberd.
You die...

### ##@## #(((#
#o.o# ≈.......≈
oo≈.......≈oo
≈o≈≈.......≈≈o≈
≈≈≈..#...#..≈≈≈
....##...##....
#### ##∩## ####


You could see 2 orc warriors.

Vanquished Creatures
  3 sky beasts
  2 necrophages
  A phantom (D:6)
  A centaur (D:6)
  2 bullfrogs
  2 scorpions
  2 crimson imps
  2 bullfrog zombies
  A jelly (D:5)
  4 orc wizards
  Crazy Yiuf (D:5)
  2 bullfrog skeletons
  4 orc priests
  6 worker ants
  A killer bee zombie (D:6)
  A hound skeleton (D:5)
  Robin (D:3)
  A worker ant zombie (D:6)
  12 adders
  A river rat (D:5)
  2 oozes
  6 worms
  An adder zombie (D:6)
  A dart slug (D:3)
  2 leopard geckos
  24 orcs
  2 giant cockroaches
  19 goblins
  9 hobgoblins
  14 jackals
  16 kobolds
  A quokka (D:6)
  3 ball pythons
  4 bats
  6 frilled lizards
  A quokka skeleton (D:6)
  8 rats
  7 plants (Sewer)
176 creatures vanquished.

Vanquished Creatures (others)
  2 plants (Sewer)
2 creatures vanquished.

Grand Total: 178 creatures vanquished

Notes
Turn   | Place    | Note
-------+----------+-------------------------------------------
     0 | D:1      | zishaf the Vine Stalker Assassin began the quest for the
                  | Orb.
     0 | D:1      | Reached XP level 1. HP: 11/11 MP: 2/2
   100 | D:1      | Reached skill level 2 in Short Blades
   121 | D:1      | Reached XP level 2. HP: 13/15 MP: 3/3
   123 | D:1      | Reached skill level 1 in Dodging
   348 | D:1      | Reached skill level 5 in Stealth
   946 | D:2      | Reached XP level 3. HP: 12/18 MP: 4/4
  2055 | D:2      | Reached skill level 3 in Short Blades
  2055 | D:2      | Gained mutation: Your natural rate of healing is unusually
                  | fast. [Vine Stalker growth]
  2055 | D:2      | Reached XP level 4. HP: 18/23 MP: 5/5
  2456 | D:3      | Reached skill level 1 in Shields
  2507 | D:3      | Reached XP level 5. HP: 26/27 MP: 6/6
  2802 | D:3      | Found a shadowy altar of Dithmenos.
  2837 | D:3      | Noticed Robin
  2874 | D:3      | Killed Robin
  3054 | D:3      | Reached XP level 6. HP: 32/32 MP: 7/7
  3244 | D:4      | Found a staircase to the Ecumenical Temple.
  3293 | Temple   | Entered the Ecumenical Temple
  3328 | Temple   | Became a worshipper of Uskayaw the Reveler
  3406 | D:4      | Reached * piety under Uskayaw
  3411 | D:4      | Reached ** piety under Uskayaw
  3416 | D:4      | Reached skill level 1 in Armour
  3531 | D:4      | Reached skill level 4 in Short Blades
  3577 | D:4      | Found a white marble altar of Elyvilon.
  3579 | D:4      | Found a runed door.
  3594 | D:4      | Noticed an angel
  3942 | D:4      | Reached XP level 7. HP: 36/36 MP: 8/8
  4004 | D:5      | Entered Level 5 of the Dungeon
  4025 | D:5      | Reached *** piety under Uskayaw
  4036 | D:5      | Reached **** piety under Uskayaw
  4117 | D:5      | Found a runed door.
  4448 | D:5      | Reached skill level 1 in Invocations
  4507 | D:5      | Reached ***** piety under Uskayaw
  4516 | D:5      | Found a glowing drain.
  4525 | Sewer    | Entered a sewer
  6085 | D:5      | Noticed Crazy Yiuf
  6089 | D:5      | Killed Crazy Yiuf
  6089 | D:5      | Reached skill level 5 in Short Blades
  6089 | D:5      | Gained mutation: You have razor-sharp teeth. [Vine Stalker
                  | growth]
  6089 | D:5      | Reached XP level 8. HP: 42/42 MP: 10/10
  7062 | D:6      | Found a shattered altar of Ashenzari.
  7193 | D:7      | Reached XP level 9. HP: 46/46 MP: 13/13
  7210 | D:7      | Reached skill level 6 in Short Blades
  7268 | D:7      | Found a snail-covered altar of Cheibriados.
  7341 | D:7      | Found a flagged portal.
  7370 | Bailey   | Entered a bailey
  7374 | Bailey   | Noticed an orc knight
  7394 | Bailey   | HP: 2/46 [orc warrior/+0 halberd (18)]
  7395 | Bailey   | Slain by an orc warrior

Vault maps used:
D:1:      minmay_arrival_three_doors
D:2:      first_ration, corexii_leaking_fountain
D:3:      minmay_misc_feat_tiny, nicolae_dithmenos_through_a_glass_darkly,
          uniq_robin
D:4:      temple_statues, lemuel_angel_altar
D:5:      portal_sewer_entry_b, water_maze_lemuel, uniq_crazy_yiuf_cottage
D:6:      kennysheep_little_box, hangedman_abyss_or_decor_stagger
D:7:      enter_bailey_3, basic_altar, cheibriados_altar_1
Temple:   nicolae_temple_the_god_donut
Sewer:    sewer_co_scattered_pipes
Bailey:   bailey_polearm_4, bailey

Skill      XL: |  1  2  3  4  5  6  7  8  9 |
---------------+----------------------------+-----
Short Blades   | 2 3 4 5 6 |  6.0
Dodging        | 1 |  1.0
Stealth        | 5 |  5.0
Fighting       | 2 3 4 |  4.8
Throwing       | 2 |  2.0
Shields        | 1 2 3 4 |  4.0
Armour         | 1 2 3 |  3.4
Invocations    | 1 4 |  4.5

Action                   |  1- 3 |  4- 6 |  7- 9 || total
-------------------------+-------+-------+-------++-------
Melee: Dagger            |   101 |   199 |   981 ||  1281
       Bite              |    33 |    66 |   371 ||   470
 Fire: Blowgun           |       |     5 |     8 ||    13
       Hunting sling     |       |    19 |     9 ||    28
  Use: Scroll            |       |    10 |     4 ||    14
       Potion            |       |       |     3 ||     3
 Stab: Sleeping          |    12 |     3 |     6 ||    21
       Distracted        |     1 |       |       ||     1
       Paralysed         |       |       |    11 ||    11
  Eat: Chunk             |     1 |     5 |     6 ||    12
       Ration            |     1 |       |     2 ||     3
Armor: Robe              |    11 |    18 |    37 ||    66
       Leather armour    |       |    31 |    83 ||   114
Dodge: Dodged            |    43 |    61 |   171 ||   275
Block: Buckler           |     4 |    36 |   132 ||   172

Table legend:
 A = Non-vault XP
 B = Vault XP
 C = Vault XP percentage of total XP
 D = Non-vault monster count
 E = Vault monster count
 F = Vault count percentage of total count
                 A         B        C        D         E       F
            +---------+---------+-------+---------+---------+-------
      Total |    2374 |     208 |   8.1 |     121 |      48 |  28.4
            +---------+---------+-------+---------+---------+-------
        D:1 |      24 |       0 |   0.0 |      13 |       0 |   0.0
        D:2 |      71 |       0 |   0.0 |      21 |       0 |   0.0
        D:3 |     189 |      39 |  17.1 |      16 |      13 |  44.8
        D:4 |     351 |       0 |   0.0 |      15 |       0 |   0.0
        D:5 |     385 |      65 |  14.4 |      24 |       7 |  22.6
        D:6 |     942 |       0 |   0.0 |      26 |       0 |   0.0
        D:7 |     412 |       7 |   1.7 |       6 |       4 |  40.0
      Sewer |       0 |      97 | 100.0 |       0 |      24 | 100.0
            +---------+---------+-------+---------+---------+-------
